[Event "24th Bosnjaci Open 2019"]
[Site "Bosnjaci"]
[Date "2019.01.09"]
[Round "9.24"]
[White "Maroslavac, Ivana"]
[Black "Turicar, Goran"]
[Result "0-1"]
[ECO "B80"]
[WhiteElo "1637"]
[BlackElo "1862"]
[Annotator "NA"]
[PlyCount "128"]
[EventDate "2019.01.03"]
[EventType "swiss"]
[EventCountry "CRO"]
[SourceTitle "playchess.com"]
[Source "ChessBase"]
[SourceQuality "1"]
[TimeControl "5400+30"]

1. e4 c5 2. Nf3 e6 3. d4 cxd4 4. Nxd4 a6 5. g3 Nf6 6. Bg2 Qc7 7. O-O Nc6 8. Be3 Be7 9. Nc3 O-O 10. Qe2 d6 11. Rad1 {[%emt 0:04:30] LiveBook: 23 Games} Bd7 12. f4 Nxd4 {[%emt 0:02:30] B80: Sicilian Scheveningen: 6 g3 and 6 Be3, including English Attack} 13. Bxd4 e5 {[%emt 0:03:30] [#]} 14. fxe5 $146 ({Predecessor:} 14. Be3 Bg4 15. Bf3 Be6 16. Qg2 b5 17. Nd5 Bxd5 18. exd5 exf4 19. gxf4 Nd7 20. Rfe1 {½-½ (50) Lu,S (2607)-Zhou,J (2616) Shenzhen 2016}) 14... dxe5 15. Be3 Rac8 16. Rfe1 Be6 17. Nd5 $1 Bxd5 18. exd5 Bd6 19. c3 b5 20. Rc1 e4 21. Bf2 (21. Bg5 $14) 21... Nxd5 (21... Rfe8 $15 22. Rcd1 Re5) 22. Qxe4 Nf6 23. Qb7 Qa5 24. Qb6 Qxb6 25. Bxb6 Bc5+ 26. Bxc5 Rxc5 27. Rcd1 $11 a5 28. Rd4 g6 29. a4 bxa4 30. Rxa4 Rb8 31. Re2 Nd7 32. Rae4 Kg7 33. Bh3 Nf6 34. Rd4 Rb7 35. Bg2 Rbc7 36. Ra4 h5 37. Re3 Ng4 38. Rd3 Re7 39. Re4 Rec7 40. h3 Ne5 41. Rdd4 f6 42. Re2 Rb5 43. Rd5 Rcc5 44. Rxc5 Rxc5 45. Bf1 Kh6 46. Re3 Rd5 47. Kf2 g5 48. Bg2 Rb5 49. b4 axb4 50. cxb4 Rxb4 51. Re4 Rb2+ 52. Re2 Nd3+ 53. Ke3 Rb3 54. Kd2 Ne5 55. g4 hxg4 56. hxg4 Rb2+ 57. Ke3 Nxg4+ 58. Kf3 Rxe2 59. Kxe2 f5 60. Bh3 Kh5 61. Kf3 Ne5+ 62. Kg3 f4+ 63. Kf2 Kh4 64. Bc8 g4 0-1